AoeStats
← The king

Coastal Forest

510711387Analyzed
3v3 RM · 5h ago on Oct 2, 2026· 23m 45s· 6 players
Game mode
Random Map
Map size
Normal (6 player)
Population
200
Speed
Normal
Resources
Standard
Victory
Conquest
Starting age
Dark Age
Ending age
Imperial Age
RankedLock teamsTeams togetherTeam positionsShared explorationLock speedFull tech treeHidden civsTurbo modeCheats
Victory
Defeat
🇩🇪 Ethiopians · Germany
1312
+12
🇩🇪 Muisca · Germany
1273
+13
🇩🇪 Varangians · Germany
1203
+16
🇫🇷 Persians · France
1217
-33
1216
-14
🇨🇳 Bulgarians · China
1194
-13
boom n type gg noob team
10:57 Feudal Age
11:33 Double-Bit Axe
12:03 Loom
12:48 Fishing Lines
15:08 Arson
14:46 Man-at-Arms
20:45 Castle Age
20:55 Stone Mining
22:11 Wheelbarrow
cookie20003175
9:37 Feudal Age
13:34 Loom
18:32 Castle Age
16:47 Double-Bit Axe
16:45 Horse Collar
17:46 Fishing Lines
20:18 Wheelbarrow
21:57 Forging
The king
1:00 Loom
10:36 Feudal Age
13:28 Scale Mail Armor
shiatnoob
11:09 Feudal Age
9:25 Loom
12:11 Double-Bit Axe
14:20 Fletching
14:31 Padded Archer Armor
19:14 Castle Age
17:35 Gold Mining
18:13 Horse Collar
19:50 Bodkin Arrow
19:17 Crossbowman
20:45 Leather Archer Armor
23:20 Ballistics
Tobi Cariad
6:58 Loom
9:53 Feudal Age
11:29 Double-Bit Axe
11:27 Horse Collar
11:39 Town Watch
15:09 Bloodlines
17:57 Wheelbarrow
18:07 Forging
18:38 Scale Barding Armor
22:59 Castle Age
21:08 Gold Mining
22:57 Stone Mining
24:07 Chain Barding Armor
23:50 Husbandry
drhousedd
6:28 Loom
9:06 Feudal Age
9:18 Champi Runner
9:49 Double-Bit Axe
9:47 Horse Collar
15:44 Scale Mail Armor
16:51 Forging
19:07 Wheelbarrow
22:47 Castle Age
21:15 Gold Mining
23:47 Squires
23:08 Champi Warrior
24:04 Chain Mail Armor
Connection lost

Rejoining the realm…

Still unreachable

The connection could not be restored.

Session expired

The server has moved on; the page needs a fresh start.